 Dungeon Crawl Stone Soup version 0.21-a0-417-g0adc95b (webtiles) character file.

3572 torrenera the Cleaver (level 9, -5/74 HPs)
             Began as a Deep Dwarf Fighter on Nov 3, 2017.
             Was a Believer of Makhleb.
             Slain by an orc warrior
             ... wielding a +0 glaive
              (19 damage)
             ... on level 9 of the Dungeon.
             The game lasted 00:23:55 (7037 turns).

torrenera the Cleaver (Deep Dwarf Fighter)          Turns: 7037, Time: 00:23:56

Health: -5/74      AC: 10    Str: 21    XL:     9   Next: 84%
Magic:  0/0        EV:  7    Int: 16    God:    Makhleb [**....]
Gold:   227        SH:  9    Dex: 12    Spells: 8/8 levels left

rFire    . . .     SeeInvis +   a - +0 war axe
rCold    + + .     Gourm    .   c - +0 shield
rNeg     . . .     Faith    .   Q - +1 scale mail "Pixuchiu" {rC++ MR+ Str-4 SInv}
rPois    .         Spirit   .   (no helmet)
rElec    .         Reflect  .   (no cloak)
rCorr    .         Harm     .   G - +0 pair of gloves
MR       ++...                  D - +0 pair of boots
Stlth    ..........             (no amulet)
HPRegen  0.00/turn              J - +6 ring of intelligence (curse)
MPRegen  0.07/turn              O - +3 ring of strength

@: non-regenerating
A: damage resistance, heal wounds, sense surroundings 2, no regeneration
a: Heal Wounds, Minor Destruction, Renounce Religion


You were on level 9 of the Dungeon.
You worshipped Makhleb.
Makhleb was pleased with you.
You were not hungry.

You visited 2 branches of the dungeon, and saw 10 of its levels.

You collected 304 gold pieces.
You spent 77 gold pieces at shops.

Inventory:

Hand Weapons
 a - a +0 war axe (weapon)
 b - a +0 blowgun
 S - a +3 hunting sling
Missiles
 l - 207 stones
 s - 11 tomahawks
 x - 47 poisoned needles
 B - 71 bolts
 M - 2 javelins (quivered)
Armour
 c - a +0 shield (worn)
 h - a +0 chain mail
 D - a +0 pair of boots (worn)
 G - a +0 pair of gloves (worn)
 Q - the +1 scale mail "Pixuchiu" (worn) {rC++ MR+ Str-4 SInv}
   (You found it on level 7 of the Dungeon)

   It affects your strength (-4).
   It greatly protects you from cold.
   It affects your resistance to hostile enchantments.
   It lets you see invisible.
Jewellery
 J - a cursed +6 ring of intelligence (left hand)
 O - a +3 ring of strength (right hand)
Wands
 L - a wand of iceblast (0/15)
 T - a wand of iceblast (8/15)
Scrolls
 j - 2 scrolls of teleportation
 o - 3 scrolls of amnesia
 p - 4 scrolls of remove curse {unknown}
 t - 2 scrolls of immolation {unknown}
 v - 2 scrolls of fog {unknown}
 w - a scroll of enchant armour {unknown}
 z - a scroll of enchant weapon {unknown}
 E - 2 scrolls of recharging {unknown}
 F - a scroll of magic mapping {unknown}
 N - a scroll of noise {unknown}
 P - a scroll of blinking {unknown}
 R - a scroll of fear {unknown}
Potions
 d - a potion of might
 g - 2 potions of invisibility
 i - 3 potions of haste
 k - 4 potions of lignification
 n - 4 potions of curing
 q - a potion of heal wounds {unknown}
 r - 2 potions of mutation
 u - 2 potions of cancellation
 A - a potion of ambrosia {unknown}
 C - a potion of agility {unknown}
 I - a potion of flight {unknown}
Books
 e - a book of Conjurations

   Spells                             Type                      Level
   a - Magic Dart                     Conjuration                  1
   b - Searing Ray                    Conjuration                  2
   c - Dazzling Spray                 Conjuration/Hexes            3
   d - Fulminant Prism                Conjuration/Hexes            4
   e - Force Lance                    Conjuration/Translocation    4
   f - Iskenderun's Mystic Blast      Conjuration                  4
 H - the Guide on Battle Magic
   (You found it on level 5 of the Dungeon)

   Spells                             Type                      Level
   a - Magic Dart                     Conjuration                  1
   b - Mephitic Cloud                 Conjuration/Poison/Air       3
   c - Force Lance                    Conjuration/Translocation    4
   d - Freezing Cloud                 Conjuration/Ice/Air          6
   e - Bolt of Fire                   Conjuration/Fire             6
 K - a book of Minor Magic

   Spells                             Type                      Level
   a - Magic Dart                     Conjuration                  1
   b - Blink                          Translocation                2
   c - Call Imp                       Summoning                    2
   d - Slow                           Hexes                        2
   e - Conjure Flame                  Conjuration/Fire             3
   f - Mephitic Cloud                 Conjuration/Poison/Air       3
Comestibles
 f - 6 bread rations
 m - 4 meat rations
 y - 4 royal jellies


   Skills:
 + Level 2.7 Fighting
 - Level 14.7 Axes
 + Level 3.2 Armour
 - Level 3.2 Shields


You had 8 spell levels left.
You didn't know any spells.

Dungeon Overview and Level Annotations

Branches:
Dungeon (9/15)             Temple (1/1) D:5            Lair (0/6) D:8
    Orc: D:9-12

Altars:
Cheibriados
Dithmenos
Elyvilon
Fedhas
Gozag
Hepliaklqana
Makhleb
Nemelex Xobeh
Okawaru
Qazlal
Ru
Trog
Uskayaw
Vehumet
Wu Jian
Zin
The Shining One
Beogh

Shops:
D:4 !


Innate Abilities, Weirdness & Mutations

You are resistant to damage.
You can heal yourself by infusing magical energy.
You passively map the area around you.
You do not regenerate.


Message History

You feel better.
Throwing (i - inventory. (,) - cycle):
M - 4 javelins (quivered)
Press: ? - help, Shift-Dir - straight line, f - orc warrior
Aim: an orc warrior, wielding a glaive and wearing a chain mail You throw a javelin.
The javelin barely misses the orc warrior.
Throwing (i - inventory. (,) - cycle):
M - 3 javelins (quivered)
Press: ? - help, Shift-Dir - straight line, f/p - orc warrior
Aim: an orc warrior, wielding a glaive and wearing a chain mail You throw a javelin.
The javelin closely misses the orc warrior.
The orc warrior hits you from afar with a glaive!
The orc warrior barely misses you.
You hit the orc warrior but do no damage.
The orc warrior hits you with a glaive!
* * * LOW HITPOINT WARNING * * *
You hit the orc warrior.
The orc warrior is lightly wounded.
The orc warrior hits you with a glaive!!
You die...

######### #......>#
#.......# #.<....[#####
##...........#####
###................# *
*
...........###.###.####
##.........# #.###....#
* * #......##.#
#..@oo(#.# * *
##....###.#######(.(.#
, * ####.#
#.........#.## * #.#
#########.o..# * #+#
#.#o.# , , ,, ** #o#..#
, , #.#o.# , * , **
#....# * , , ..##.# * ,


You could see an orc warrior and an orc.

Vanquished Creatures
  A two-headed ogre (D:8)
  The ghost of ReniFell the Ducker, a novice OpTm of Cheibriados (D:5)
  A hornet (D:8)
  A hippogriff (D:8)
  A wyvern (D:7)
  Menkaure (D:5)
  2 phantoms
  3 sky beasts
  2 ice beasts (D:8)
  A black bear (D:5)
  An ogre (D:8)
  A centaur (D:7)
  2 bullfrogs
  5 killer bees (D:8)
  A scorpion (D:5)
  The ghost of Monsterracer the Stinger, a weakling GnVM (D:3)
  2 crimson imps
  4 orc priests
  3 orc wizards
  A centaur skeleton (D:5)
  2 iguanas
  4 worker ants
  A hound zombie (D:7)
  2 hound skeletons (D:7)
  A worker ant zombie (D:5)
  4 gnolls (D:7)
  6 adders
  2 shadow imps
  2 oozes
  An adder skeleton (D:6)
  An adder zombie (D:6)
  2 worms
  4 dart slugs
  4 leopard geckos
  20 orcs
  8 bats
  2 giant cockroaches
  9 goblins
  8 hobgoblins
  9 kobolds
  2 quokkas
  4 frilled lizards
  A leopard gecko skeleton (D:5)
  A quokka skeleton (D:4)
  6 rats
141 creatures vanquished.

Notes
Turn   | Place    | Note
-------+----------+-------------------------------------------
     0 | D:1      | torrenera the Deep Dwarf Fighter began the quest for the Orb.
     0 | D:1      | Reached XP level 1. HP: 20/20 MP: 1/1
   116 | D:1      | Reached skill level 3 in Axes
   116 | D:1      | Reached XP level 2. HP: 27/27 MP: 2/2
   375 | D:2      | Found a radiant altar of Vehumet.
   399 | D:2      | Reached XP level 3. HP: 33/33 MP: 3/3
   451 | D:2      | Reached skill level 4 in Axes
  1161 | D:2      | Found a stormy altar of Qazlal.
  1171 | D:2      | Noticed a water elemental
  1171 | D:2      | Noticed an air elemental
  1172 | D:2      | Noticed an earth elemental
  1172 | D:2      | Noticed a fire elemental
  1492 | D:3      | Reached XP level 4. HP: 23/40 MP: 4/4
  1582 | D:3      | Found a shadowy altar of Dithmenos.
  1632 | D:3      | Reached skill level 5 in Axes
  1774 | D:3      | Found a faded altar of an unknown god.
  1794 | D:3      | Noticed Monsterracer's ghost (weakling GnVM)
  1818 | D:3      | Killed Monsterracer's ghost
  1818 | D:3      | Reached XP level 5. HP: 11/46 MP: 5/5
  1898 | D:3      | Reached skill level 6 in Axes
  2386 | D:4      | Found Teischu's Distillery.
  2393 | D:4      | Bought a potion of curing for 33 gold pieces
  2393 | D:4      | Bought a potion of might for 44 gold pieces
  3109 | D:5      | Entered Level 5 of the Dungeon
  3164 | D:5      | Reached skill level 7 in Axes
  3243 | D:5      | Noticed ReniFell's ghost (novice OpTm)
  3305 | D:5      | Noticed a sky beast
  3320 | D:4      | Killed a sky beast
  3320 | D:4      | Reached XP level 6. HP: 44/55 MP: 4/4
  3448 | D:5      | Killed ReniFell's ghost
  3448 | D:5      | Reached skill level 9 in Axes
  3448 | D:5      | Reached XP level 7. HP: 29/61 MP: 5/5
  3450 | D:5      | Identified the Guide on Battle Magic
  3591 | D:5      | Found a staircase to the Ecumenical Temple.
  3636 | Temple   | Entered the Ecumenical Temple
  3673 | Temple   | Became a worshipper of Makhleb the Destroyer
  3914 | D:5      | Found a sparkling altar of Nemelex Xobeh.
  3921 | D:5      | Noticed Menkaure
  3927 | D:5      | Killed Menkaure
  3927 | D:5      | Reached skill level 10 in Axes
  4025 | D:5      | Reached XP level 8. HP: 25/68 MP: 6/6
  4239 | D:6      | Reached skill level 11 in Axes
  4520 | D:6      | Reached * piety under Makhleb
  5044 | D:7      | Reached skill level 12 in Axes
  5344 | D:7      | Got an opal-encrusted scale mail
  5355 | D:7      | Identified the +1 scale mail "Pixuchiu" {rC++ MR+ Str-4 SInv} (You found it on level 7 of the Dungeon)
  6075 | D:8      | Gained mutation: You passively map the area around you. [Deep Dwarf growth]
  6075 | D:8      | Reached XP level 9. HP: 34/74 MP: 5/5
  6232 | D:8      | Reached skill level 13 in Axes
  6283 | D:8      | Noticed a two-headed ogre
  6490 | D:8      | HP: 3/74 [poisoned by a hornet]
  6545 | D:8      | Found a transporter.
  6555 | D:8      | Found a roughly hewn altar of Beogh.
  6556 | D:8      | Noticed an orc knight
  6671 | D:8      | Killed a two-headed ogre
  6671 | D:8      | Reached skill level 14 in Axes
  6750 | D:8      | Reached ** piety under Makhleb
  6780 | D:8      | Found an iron altar of Okawaru.
  6782 | D:8      | Found a staircase to the Lair.
  7037 | D:9      | Slain by an orc warrior

Vault maps used:
D:1:      tarquinn_simple_flora_water_e
D:2:      vehumet_crystals, nicolae_qazlal_style_of_elements,
          minmay_tetromino_s2
D:3:      lemuel_coloured_pillars_altar, chequers_ecumenical_altar_island,
          minivault_19
D:4:      serial_shops, shop, eino_small_chamber_without_monster,
          kennysheep_generic_room_7
D:5:      black_bear_nest_1, kennysheep_little_box,
          minmay_temple_entry_butterflies, first_bread, uniq_menkaure
D:6:      serial_glass, glass_columns_a, glass_columns_a,
          minmay_misc_feat_diagonals
D:7:      moated_statue
D:8:      gammafunk_beogh_shrine, okawaru_trees_2, lair_entry_dummy
D:9:      kennysheep_mini, hangedman_pestilent_swarm, st_stairs_4, hex_tiny
Temple:   kb_temple_of_zot

Skill      XL: |  1  2  3  4  5  6  7  8  9 |
---------------+----------------------------+-----
Axes           | 3 4 5 7 9 10 12 14 | 14.7
Fighting       | |  2.7
Armour         | |  3.2
Shields        | |  3.2

Action                   |  1- 3 |  4- 6 |  7- 9 || total
-------------------------+-------+-------+-------++-------
Melee: War axe           |   122 |   174 |   347 ||   643
 Fire: Blowgun           |       |    11 |    45 ||    56
Throw: Stone             |     7 |     2 |       ||     9
       Javelin           |       |       |    11 ||    11
 Abil: Heal Wounds       |       |     2 |    13 ||    15
Evoke: Wand              |       |       |     1 ||     1
  Use: Potion            |       |     2 |       ||     2
       Scroll            |       |       |     7 ||     7
  Eat: Chunk             |     2 |     5 |    11 ||    18
       Royal jelly       |       |       |     1 ||     1
Armor: Chain mail        |    70 |   103 |    80 ||   253
       Scale mail        |     3 |       |    50 ||    53
Dodge: Dodged            |    26 |    44 |    76 ||   146
Block: Shield            |    63 |    88 |   168 ||   319

Table legend:
 A = Spawn XP
 B = Non-spawn XP
 C = Spawn XP percentage of total XP
 D = Spawn monster count
 E = Non-spawn monster count
 F = Spawn count percentage of total count
 G = Total turns spent on level
                    A         B        C        D         E        F      G
               +---------+---------+-------+---------+---------+-------+---------
         Total |       0 |    5103 |   0.0 |       0 |     141 |   0.0 |  7037
               +---------+---------+-------+---------+---------+-------+---------
           D:1 |       0 |      33 |   0.0 |       0 |      13 |   0.0 |   356
           D:2 |       0 |      41 |   0.0 |       0 |      19 |   0.0 |  1065
           D:3 |       0 |     166 |   0.0 |       0 |      28 |   0.0 |   877
           D:4 |       0 |     240 |   0.0 |       0 |      10 |   0.0 |   977
           D:5 |       0 |     975 |   0.0 |       0 |      20 |   0.0 |   736
           D:6 |       0 |     589 |   0.0 |       0 |      17 |   0.0 |   751
           D:7 |       0 |     583 |   0.0 |       0 |      14 |   0.0 |  1207
           D:8 |       0 |    2473 |   0.0 |       0 |      19 |   0.0 |   952
           D:9 |       0 |       3 |   0.0 |       0 |       1 |   0.0 |    49
               +---------+---------+-------+---------+---------+-------+---------
